[Event "EYCC 2017"]
[Site "Mamaia"]
[Date "2017.09.13"]
[Round "8"]
[White "Guillo Longares, Cecilia"]
[Black "Srdanovic, Jovana"]
[Result "0-1"]
[ECO "D18"]
[WhiteElo "1810"]
[BlackElo "1994"]
[Annotator "NA RC"]
[PlyCount "110"]
[EventDate "2017.??.??"]
[EventType "swiss"]
[EventCountry "ROU"]
[SourceTitle "playchess.com"]
[Source "ChessBase"]
[SourceQuality "1"]
[TimeControl "40/5400+30:1800+30"]

1. d4 d5 2. c4 c6 3. Nf3 Nf6 4. Nc3 dxc4 5. a4 Bf5 6. e3 e6 7. Bxc4 Nbd7 8. O-O Nb6 {[%emt 0:07:50] D18: Slav Defence: 5 a4 Bf5 6 e3} (8... Bb4 9. Qb3 Qb6 10. e4 Bg6 11. Bxe6 fxe6 12. a5 Bxa5 13. Qxe6+ Kd8 14. e5 Bxc3 15. exf6 Re8 16. Qc4 Qb4 17. Qxc3 Qxc3 18. bxc3 gxf6 {0-1 (40) Riazantsev,A (2659)-Alekseenko,K (2585) Sochi 2017}) 9. Bd3 Bb4 $146 (9... Nbd5 $14) ({Find the theoretical novelty and annotate with similar games:} 9... Bxd3 10. Qxd3 Nbd5 11. e4 Nb4 12. Qe2 a5 13. Be3 Be7 14. Ne5 O-O 15. f4 Qb6 16. f5 {1-0 (74) Baraeva,M (2187)-Bykov,E (2047) Taganrog 2013}) 10. e4 Bg4 11. Be3 a5 12. Qe2 O-O 13. Rfd1 h6 14. h3 Bh5 15. g4 Bg6 16. Ne5 Nfd7 17. Nxg6 fxg6 18. g5 h5 19. f4 Qe8 20. Rf1 $16 c5 21. Nb5 cxd4 22. Nc7 Qe7 23. Nxa8 Nxa8 24. Bxd4 e5 25. fxe5 Rxf1+ 26. Rxf1 Nxe5 27. Bc4+ Kh7 28. h4 Bc5 29. Qf2 Bd6 30. Bd5 Nc7 31. Bxb7 Ne6 32. Bd5 Nxd4 33. Rd1 Bc5 34. Kh1 Ng4 35. Qf4 Bd6 36. Qd2 Qe5 37. Rf1 Qg3 38. Rf7 Qh3+ 39. Kg1 Nf3+ 40. Rxf3 Bc5+ 41. Rf2 Bxf2+ 42. Qxf2 Nxf2 43. Kxf2 Qxh4+ 44. Ke3 Qxg5+ 45. Kd4 Qd2+ 46. Kc5 Qxb2 47. Kd6 Qb6+ 48. Kd7 Qf6 49. Ke8 h4 50. Bf7 h3 51. e5 Qxe5+ 52. Kf8 Qf6 53. Ke8 h2 54. Be6 Qxe6+ 55. Kf8 Qf6+ 0-1

[Event "EYCC 2017"]
[Site "Mamaia"]
[Date "2017.09.13"]
[Round "8"]
[White "Koubova, Anna Marie"]
[Black "Slaba, Andrea"]
[Result "1-0"]
[ECO "E69"]
[WhiteElo "1805"]
[BlackElo "1840"]
[Annotator "NA RC"]
[PlyCount "71"]
[EventDate "2017.??.??"]
[EventType "swiss"]
[EventCountry "ROU"]
[SourceTitle "playchess.com"]
[Source "ChessBase"]
[SourceQuality "1"]
[TimeControl "40/5400+30:1800+30"]

1. d4 Nf6 2. c4 g6 3. g3 Bg7 4. Bg2 O-O 5. Nc3 d6 6. Nf3 Nbd7 7. O-O e5 8. e4 c6 9. h3 Qb6 10. c5 dxc5 11. dxe5 Ne8 12. Na4 Qa6 13. Bg5 Nc7 14. Be7 Re8 15. Nxc5 Nxc5 16. Bxc5 Ne6 17. Bd6 b6 18. Nh4 c5 19. f4 Bb7 20. f5 Nd4 21. e6 Ne2+ 22. Kh2 f6 23. Rf2 Nd4 24. Bf1 Qa5 25. a3 Red8 26. b4 cxb4 27. axb4 Qxa1 28. Qxa1 Rxd6 29. Bg2 g5 30. e5 fxe5 31. Bxb7 Re8 32. Nf3 Nxf5 33. Nxg5 Ne7 34. Qb1 Ng6 35. Be4 Nf8 36. Bxh7+ 1-0

[Event "EYCC 2017"]
[Site "Mamaia"]
[Date "2017.09.13"]
[Round "8"]
[White "Saridag, Omer Melih"]
[Black "Piliposyan, Robert"]
[Result "1/2-1/2"]
[ECO "E52"]
[WhiteElo "1803"]
[BlackElo "1773"]
[Annotator "NA RC"]
[PlyCount "205"]
[EventDate "2017.??.??"]
[EventType "swiss"]
[EventCountry "ROU"]
[SourceTitle "playchess.com"]
[Source "ChessBase"]
[SourceQuality "1"]
[TimeControl "40/5400+30:1800+30"]

1. d4 Nf6 2. c4 e6 3. Nc3 Bb4 4. e3 O-O 5. Bd3 d5 6. Nf3 b6 7. O-O Bb7 8. a3 Be7 9. b3 dxc4 $146 {[%emt 0:21:54] E52: Nimzo-Indian: Rubinstein: 4...0-0 5 Nf3 d5 6 Bd3 b6} ({Predecessor:} 9... c5 10. Bb2 cxd4 11. exd4 Nc6 12. Re1 Re8 13. Rc1 Rc8 14. cxd5 Nxd5 15. Nxd5 Qxd5 16. Be4 Qd6 17. d5 exd5 18. Qxd5 Qxd5 19. Bxd5 Kf8 {1-0 (72) Cvitan,O (2557)-Lazarev,V (2427) Bastia 2013}) 10. bxc4 c5 11. Bb2 cxd4 12. exd4 Nc6 13. Ne4 Na5 14. Ng3 Rc8 15. Rc1 Ne8 16. Ne5 Bf6 17. f4 g6 18. Nh5 Bh8 19. Ng3 Nd6 $11 20. c5 Nf5 21. Nxf5 exf5 22. Bb5 a6 23. c6 axb5 24. cxb7 Rxc1 25. Qxc1 Nxb7 26. Qc6 Na5 27. Qxb5 Nb7 28. d5 Nd6 29. Qc6 Ne4 30. Bd4 Qa8 31. a4 Rc8 32. Qd7 Bxe5 33. Bxe5 Rd8 34. Qc6 Qa7 35. Bd4 Rb8 36. Rc1 Qa8 37. Qc7 Rd8 38. Qe5 f6 39. Qe6+ Kg7 40. Rc7+ Kh6 41. Qe7 Rh8 42. Qg7+ Kh5 43. h3 h6 44. Qd7 Qa5 45. Bf2 Nxf2 46. Kxf2 Qd2+ 47. Kg1 Qe3+ 48. Kh1 Re8 49. Qg7 Qxf4 50. Re7 Rc8 51. Re1 Qg3 52. Rg1 Qe5 53. Qb7 Rc3 54. Qxb6 Qxd5 55. Kh2 Qe5+ 56. Kh1 Qe4 57. Kh2 Qxa4 58. Qxf6 Qf4+ 59. Kh1 Rg3 60. Qb2 Qe4 61. Kh2 f4 62. Qb5+ Kh4 63. Qb6 h5 64. Qd8+ g5 65. Qd2 Qe3 66. Qxe3 fxe3 67. Ra1 e2 68. Ra4+ g4 69. Re4 Ra3 70. hxg4 hxg4 71. g3+ Rxg3 72. Rxe2 Ra3 73. Re8 Ra2+ 74. Kg1 Kh3 75. Re1 Ra3 76. Kh1 Kg3 77. Kg1 Rb3 78. Rd1 Rc3 79. Rf1 Rf3 80. Rb1 Ra3 81. Rc1 Kh3 82. Rd1 Ra2 83. Kh1 Rh2+ 84. Kg1 Rg2+ 85. Kh1 Rg3 86. Rd2 Ra3 87. Rd1 Ra8 88. Rc1 Rh8 89. Rc3+ g3 90. Kg1 Rf8 91. Rd3 Ra8 92. Rd1 Ra3 93. Rb1 Rf3 94. Rc1 Rf2 95. Rb1 Rg2+ 96. Kh1 Rf2 97. Kg1 Rf3 98. Rb2 Rc3 99. Rb1 g2 100. Ra1 Rf3 101. Rb1 Rf1+ 102. Rxf1 gxf1=Q+ 103. Kxf1 1/2-1/2

[Event "EYCC 2017"]
[Site "Mamaia"]
[Date "2017.09.13"]
[Round "8"]
[White "Samunenkov, Igor"]
[Black "Camlar, Arda"]
[Result "0-1"]
[ECO "D00"]
[WhiteElo "1794"]
[BlackElo "1361"]
[Annotator "NA RC"]
[PlyCount "54"]
[EventDate "2017.??.??"]
[EventType "swiss"]
[EventCountry "ROU"]
[SourceTitle "playchess.com"]
[Source "ChessBase"]
[SourceQuality "1"]
[TimeControl "40/5400+30:1800+30"]

1. d4 d5 2. Bf4 Nf6 3. e3 c5 4. Nf3 Nc6 5. c3 Qb6 6. Qc1 Nh5 7. Bg3 Nxg3 8. hxg3 Bf5 9. Nh4 Bxb1 10. Rxb1 cxd4 11. exd4 e5 12. Qe3 O-O-O 13. dxe5 Qxe3+ 14. fxe3 Nxe5 15. Be2 Bc5 16. Nf5 g6 17. Nd4 h5 18. Kf2 Rhe8 19. b4 Be7 20. Bb5 Ng4+ 21. Ke2 Rf8 22. Rhe1 Bg5 23. Nc2 a6 24. Ba4 b5 25. Bb3 Rfe8 26. Kf3 Re5 27. Re2 Rf5# 0-1

[Event "EYCC 2017"]
[Site "Mamaia"]
[Date "2017.09.13"]
[Round "8"]
[White "Czarnecka, Lidia"]
[Black "Bulatova, Kamaliya"]
[Result "0-1"]
[ECO "B94"]
[WhiteElo "1792"]
[BlackElo "2014"]
[Annotator "NA RC"]
[PlyCount "58"]
[EventDate "2017.??.??"]
[EventType "swiss"]
[EventCountry "ROU"]
[SourceTitle "playchess.com"]
[Source "ChessBase"]
[SourceQuality "1"]
[TimeControl "40/5400+30:1800+30"]

1. e4 c5 2. Nf3 d6 3. d4 cxd4 4. Nxd4 Nf6 5. Nc3 a6 6. Bg5 Nbd7 7. f4 Qc7 8. Qf3 {[%emt 0:01:42] B94: Sicilian Najdorf: 6 Bg5 Nbd7} (8. Be2 e6 9. O-O Be7 10. Kh1 b5 11. Bf3 Bb7 12. Bxf6 Nxf6 13. e5 dxe5 14. fxe5 Nd7 15. Bxb7 Qxb7 {½-½ (65) Azarov,S (2582)-Fedoseev,V (2690) Minsk 2017}) 8... h6 9. Bxf6 Nxf6 10. h3 e5 11. Nb3 b5 12. O-O-O Bb7 13. Nd5 Nxd5 $146 ({Predecessor:} 13... Bxd5 14. exd5 Rc8 15. Bd3 Be7 {1-0 (69) Shagdurov,D (1789)-Evsyukov,A (1902) St Petersburg 2011}) 14. exd5 Be7 15. Kb1 O-O 16. f5 Rfc8 17. Bd3 a5 18. Be4 a4 19. Nc1 b4 $17 20. h4 a3 21. b3 Ra5 22. Rh3 Rxd5 23. Rxd5 Bxd5 24. Qe2 Bxe4 25. Qxe4 d5 26. Qe2 e4 27. c4 bxc3 28. Kc2 Qe5 29. Kd1 Qxf5 0-1

[Event "EYCC 2017"]
[Site "Mamaia"]
[Date "2017.09.13"]
[Round "8"]
[White "Ciolacu, Alessia-Mihaela"]
[Black "Eizaguerri Floris, Maria"]
[Result "0-1"]
[ECO "D38"]
[WhiteElo "1787"]
[BlackElo "2098"]
[Annotator "NA RC"]
[PlyCount "94"]
[EventDate "2017.??.??"]
[EventType "swiss"]
[EventCountry "ROU"]
[SourceTitle "playchess.com"]
[Source "ChessBase"]
[SourceQuality "1"]
[TimeControl "40/5400+30:1800+30"]

1. d4 d5 2. c4 e6 3. Nc3 Nf6 4. Nf3 Bb4 5. Qa4+ Nc6 6. e3 O-O 7. Qc2 {[%emt 0:00:24] D38: Queen's Gambit Declined: Ragozin Defence (4 Nf3 Bb4)} Ne4 (7... Re8 8. Bd2 a6 9. h3 Bd6 10. a3 Bd7 11. Be2 dxc4 12. Bxc4 h6 13. O-O e5 14. Rae1 Qe7 {½-½ (53) Aronian,L (2793)-Giri,A (2771) Stavanger 2017}) 8. Bd3 f5 9. a3 Bxc3+ 10. bxc3 Qe8 $146 ({Predecessor:} 10... Na5 11. Ne5 b6 12. O-O Ba6 13. cxd5 Bxd3 14. Qxd3 exd5 {½-½ (50) Ambartsumova,K (2325)-Sousa,A (2385) Pontevedra 2017}) 11. Bb2 Qg6 12. Nh4 (12. O-O $16) 12... Qg5 13. g3 Bd7 ({Black should try} 13... dxc4 $11 14. Bxc4 b6) 14. Ng2 Rae8 15. Nf4 Nf6 16. cxd5 Nxd5 17. c4 Nf6 18. d5 Nd8 $1 19. h4 Qh6 20. dxe6 Nxe6 21. Nd5 $15 (21. Bxf5 $14 Nxf4 22. gxf4) 21... Ne4 22. Bxe4 fxe4 23. Qxe4 Nc5 24. Ne7+ Kh8 25. Qd4 b6 26. Nd5 Nb3 27. Qxg7+ Qxg7 28. Bxg7+ Kxg7 29. Rb1 Nc5 30. O-O c6 31. Nf4 Re4 32. Rbc1 Ne6 33. Rfd1 Rf7 34. Ne2 Re5 35. Kg2 Ref5 36. f4 Ra5 37. Rc3 Nc5 38. Kf3 h5 39. Rd4 Re7 40. Kf2 Ne4+ 41. Rxe4 Rxe4 42. Kf3 Re8 43. Nd4 c5 44. Nb5 Bxb5 45. cxb5 Rxb5 46. g4 hxg4+ 47. Kxg4 Rb1 0-1

[Event "EYCC 2017"]
[Site "Mamaia"]
[Date "2017.09.13"]
[Round "8"]
[White "Dubovyk, Anastasiia"]
[Black "Allahverdiyeva, Ayan"]
[Result "0-1"]
[ECO "C02"]
[WhiteElo "1785"]
[BlackElo "2042"]
[Annotator "NA RC"]
[PlyCount "74"]
[EventDate "2017.??.??"]
[EventType "swiss"]
[EventCountry "ROU"]
[SourceTitle "playchess.com"]
[Source "ChessBase"]
[SourceQuality "1"]
[TimeControl "40/5400+30:1800+30"]

1. e4 e6 2. d4 d5 3. e5 c5 4. c3 Nc6 5. Nf3 Qb6 6. a3 f6 7. b4 fxe5 8. dxe5 Nh6 9. Bf4 (9. b5 $11 Na5 10. c4) 9... Nf7 10. Bd3 c4 11. Bc2 g6 12. O-O Bg7 13. Re1 O-O 14. Nbd2 ({White should play} 14. Qd2 $1 $14) 14... a5 15. Re2 (15. Rc1 $11) 15... axb4 16. cxb4 Qc7 17. Qe1 b5 18. h4 Ra6 $19 19. h5 g5 20. Bxg5 Ncxe5 21. h6 Nxf3+ 22. Nxf3 Nxh6 23. Bxh6 Bxh6 24. Re5 Rxf3 25. gxf3 Qg7+ 26. Kf1 Bd2 27. Qxd2 Qxe5 28. Re1 Qf6 29. f4 Rxa3 30. Re5 Rf3 31. Rg5+ Kh8 32. Rh5 Qxf4 33. Rxh7+ Kg8 34. Qe1 e5 35. Rh5 Bh3+ 36. Ke2 Bg4 37. Bh7+ Kg7 0-1

[Event "EYCC 2017"]
[Site "Mamaia"]
[Date "2017.09.13"]
[Round "8"]
[White "Klimkowski, Jan"]
[Black "Samadov, Read"]
[Result "0-1"]
[ECO "B90"]
[WhiteElo "1761"]
[BlackElo "1848"]
[Annotator "NA RC"]
[PlyCount "72"]
[EventDate "2017.??.??"]
[EventType "swiss"]
[EventCountry "ROU"]
[SourceTitle "playchess.com"]
[Source "ChessBase"]
[SourceQuality "1"]
[TimeControl "40/5400+30:1800+30"]

1. e4 c5 2. Nf3 d6 3. d4 cxd4 4. Nxd4 Nf6 5. Nc3 a6 6. f3 e5 7. Nb3 Be6 8. Be3 Nbd7 9. Qd2 b5 10. g4 Nb6 11. g5 Nfd7 12. Nd5 Rc8 {[%emt 0:04:09] B90: Sizilianisch (Najdorf-Variante, Abweichungen)} 13. Na5 Nxd5 {[%emt 0:05:51] [#]} 14. Nb7 $146 ({Vorgänger:} 14. exd5 Bxd5 15. Qxd5 Qxa5+ 16. c3 Be7 17. a4 O-O 18. Bh3 Qd8 19. axb5 axb5 20. Ra7 {½-½ (50) Apicella,M (2553)-Kosten,A (2522) Saint Affrique 2005}) 14... Qc7 15. exd5 Bf5 16. Na5 Nb6 17. c4 Nxc4 18. Nxc4 bxc4 19. Rc1 Qb7 20. Rxc4 Rxc4 21. Bxc4 Be7 22. Kf2 O-O 23. Kg3 Bg6 24. h4 Bh5 25. Rf1 Qd7 (25... f6 $15) 26. Be2 $11 Qb7 27. Rc1 f6 28. Rc6 fxg5 29. Bxg5 Bxg5 30. Qxg5 Qxb2 31. Rc7 e4 32. Bd1 exf3 33. Bc2 Qd4 34. Bxh7+ Kxh7 35. Qxh5+ Kg8 36. Rc1 Qf4+ 0-1

[Event "EYCC 2017"]
[Site "Mamaia"]
[Date "2017.09.13"]
[Round "8"]
[White "Bondareva, Daria"]
[Black "Tsotsonava, Elene"]
[Result "0-1"]
[ECO "B34"]
[WhiteElo "1754"]
[BlackElo "1644"]
[Annotator "NA RC"]
[PlyCount "114"]
[EventDate "2017.??.??"]
[EventType "swiss"]
[EventCountry "ROU"]
[SourceTitle "playchess.com"]
[Source "ChessBase"]
[SourceQuality "1"]
[TimeControl "40/5400+30:1800+30"]

1. e4 c5 2. Nf3 Nc6 3. d4 cxd4 4. Nxd4 Nf6 5. Nc3 e5 6. Ndb5 d6 7. Nd5 Nxd5 8. exd5 Ne7 9. c4 Ng6 10. Bd3 Be7 11. O-O f5 12. f3 O-O 13. Be3 a6 14. Nc3 Bg5 15. Qe1 Bxe3+ 16. Qxe3 Nf4 17. Ne2 Nxe2+ 18. Bxe2 f4 19. Qf2 Bf5 20. Rfd1 Rc8 21. Rac1 Qg5 22. b4 e4 23. fxe4 Bxe4 24. Bf3 Bxf3 25. Qxf3 Rce8 26. Re1 Re5 27. Rxe5 Qxe5 28. Qc3 Qg5 29. Qd2 Qg4 30. h3 Qg3 31. Rc3 f3 32. Qf2 Qxg2+ 33. Qxg2 fxg2 34. Kxg2 Rf5 35. Kg3 Kf7 36. Re3 b5 37. cxb5 axb5 38. Rd3 Kf6 39. a3 Ke5 40. Kg4 g6 41. Re3+ Kxd5 42. Re7 h6 43. Rg7 Rg5+ 44. Kh4 Ke4 45. Rf7 Kd4 46. Rc7 Ke4 47. Rf7 d5 48. a4 bxa4 49. b5 d4 50. Ra7 Rxb5 51. Rxa4 Ke3 52. Ra6 d3 53. Re6+ Kf2 54. Rxg6 d2 55. Rg4 d1=Q 56. Rf4+ Kg1 57. Rg4+ Qxg4+ 0-1

[Event "EYCC 2017"]
[Site "Mamaia"]
[Date "2017.09.13"]
[Round "8"]
[White "Yakimova, Mariya"]
[Black "Kirchei, Viktoriia"]
[Result "1-0"]
[ECO "B35"]
[WhiteElo "1736"]
[BlackElo "1943"]
[Annotator "NA RC"]
[PlyCount "55"]
[EventDate "2017.??.??"]
[EventType "swiss"]
[EventCountry "ROU"]
[SourceTitle "playchess.com"]
[Source "ChessBase"]
[SourceQuality "1"]
[TimeControl "40/5400+30:1800+30"]

1. e4 c5 2. Nf3 Nc6 3. d4 cxd4 4. Nxd4 g6 5. Nc3 Bg7 6. Be3 Nf6 7. Bc4 O-O 8. Bb3 d6 9. f3 Bd7 10. Qd2 Nxd4 11. Bxd4 Qa5 12. h4 h5 13. O-O-O b5 14. Kb1 Rfe8 15. Bxf6 exf6 16. Qd5 Rf8 17. g4 hxg4 18. h5 Be6 19. Qd2 Bxb3 20. axb3 Rfd8 21. fxg4 g5 22. Qh2 b4 23. Nd5 f5 24. exf5 Bxb2 25. Kxb2 Qa3+ 26. Kb1 Rab8 27. Qd2 Rb5 28. Qxg5+ 1-0

[Event "EYCC 2017"]
[Site "Mamaia"]
[Date "2017.09.13"]
[Round "8"]
[White "Goraj, Barbara"]
[Black "Ince, Safiye Oyku"]
[Result "1-0"]
[ECO "B47"]
[WhiteElo "1711"]
[BlackElo "1737"]
[Annotator "NA RC"]
[PlyCount "123"]
[EventDate "2017.??.??"]
[EventType "swiss"]
[EventCountry "ROU"]
[SourceTitle "playchess.com"]
[Source "ChessBase"]
[SourceQuality "1"]
[TimeControl "40/5400+30:1800+30"]

1. e4 c5 2. Nf3 e6 3. d4 cxd4 4. Nxd4 Nc6 5. Nc3 Qc7 6. Be2 Nf6 7. O-O Be7 8. Be3 O-O 9. f4 d6 10. Qe1 Nxd4 11. Bxd4 e5 12. Be3 Be6 13. f5 Bc4 14. Rd1 Rad8 15. Bxc4 Qxc4 16. Bg5 Kh8 17. Bxf6 Bxf6 18. Qe3 Qc5 19. Rf3 Bg5 20. Qf2 Rfe8 21. a3 Kg8 22. Rfd3 Kf8 23. g3 a6 24. h4 Qxf2+ 25. Kxf2 Be7 26. Nd5 Rc8 27. c3 Red8 28. Kf3 Ke8 29. a4 Rc4 30. Nb6 Rc6 31. a5 Rxb6 32. axb6 Kd7 33. c4 Kc6 34. c5 a5 35. Rd5 Rd7 36. b3 Bf8 37. Ke2 Be7 38. R1d3 Bf8 39. Kd1 Kb5 40. cxd6+ Kxb6 41. Rxe5 Rxd6 42. Red5 Kc6 43. Kc2 b6 44. Rxd6+ Bxd6 45. g4 f6 46. g5 h6 47. gxh6 gxh6 48. Rd1 Bg3 49. h5 Bf4 50. Rd5 b5 51. Rd8 a4 52. bxa4 bxa4 53. Kc3 Kc7 54. Ra8 Kd6 55. Rxa4 Ke5 56. Kd3 Bg5 57. Ra2 Bf4 58. Ra5+ Kd6 59. Kd4 Be5+ 60. Rxe5 fxe5+ 61. Kc4 Kc6 62. f6 1-0

[Event "EYCC 2017"]
[Site "Mamaia"]
[Date "2017.09.13"]
[Round "8"]
[White "Karavitaki, Evaggelia"]
[Black "Alekseenko, Mariya"]
[Result "1/2-1/2"]
[ECO "B41"]
[WhiteElo "1703"]
[BlackElo "1731"]
[Annotator "NA RC"]
[PlyCount "103"]
[EventDate "2017.??.??"]
[EventType "swiss"]
[EventCountry "ROU"]
[SourceTitle "playchess.com"]
[Source "ChessBase"]
[SourceQuality "1"]
[TimeControl "40/5400+30:1800+30"]

1. e4 c5 2. Nf3 e6 3. d4 cxd4 4. Nxd4 a6 5. c4 d6 6. Nc3 Nf6 7. Be2 Be7 8. O-O Nbd7 9. Be3 Qc7 10. Qd2 b6 11. Rfc1 Bb7 12. f3 Rc8 13. a4 Ne5 14. a5 bxa5 15. Nb3 Nc6 16. Nd5 exd5 17. cxd5 Qd7 18. dxc6 Bxc6 19. Nxa5 Bb5 20. Rxc8+ Qxc8 21. Rc1 Qd7 22. Bxb5 axb5 23. Nc6 O-O 24. e5 Ne8 25. Qb4 h6 26. Bf2 g6 27. Nxe7+ Qxe7 28. exd6 Qd7 29. Bg3 Nf6 30. Be5 Ne8 31. Re1 Ng7 32. Bxg7 Kxg7 33. Qd4+ Kg8 34. Re7 Qd8 35. h3 Re8 36. Qe5 Rxe7 37. dxe7 Qe8 38. Qd6 f5 39. Qe6+ Kg7 40. Kf2 b4 41. Ke3 b3 42. Kd2 f4 43. Qd6 g5 44. Qd8 Kf7 45. Qxe8+ Kxe8 46. Kc3 Kxe7 47. Kxb3 Kd6 48. Kc4 Kc6 49. Kd4 Kd6 50. Ke4 Ke6 51. b4 Kd6 52. Kf5 1/2-1/2

[Event "EYCC 2017"]
[Site "Mamaia"]
[Date "2017.09.13"]
[Round "8"]
[White "Vetokhin, Savva"]
[Black "Hajdu, Marton Abris"]
[Result "1-0"]
[ECO "A48"]
[WhiteElo "1703"]
[BlackElo "1280"]
[Annotator "NA RC"]
[PlyCount "59"]
[EventDate "2017.??.??"]
[EventType "swiss"]
[EventCountry "ROU"]
[SourceTitle "playchess.com"]
[Source "ChessBase"]
[SourceQuality "1"]
[TimeControl "40/5400+30:1800+30"]

1. d4 Nf6 2. Nf3 g6 3. Bg5 Bg7 4. Nbd2 O-O 5. c3 d5 6. e3 Nbd7 7. Bd3 c5 8. O-O c4 9. Bc2 Nb6 10. e4 dxe4 11. Nxe4 Nxe4 12. Bxe4 f5 13. Bc2 Qd6 14. Re1 e6 15. Qd2 Nd5 16. Ne5 b5 17. a4 Ba6 18. axb5 Bxb5 19. Bf4 Nxf4 20. Qxf4 Qe7 21. d5 g5 22. Qg3 f4 23. Qh3 Bxe5 24. Rxe5 Bd7 25. dxe6 Bc6 26. Rxg5+ Kh8 27. Rh5 Kg8 28. Bxh7+ Kg7 29. Qg4+ Kf6 30. Qg6# 1-0

[Event "EYCC 2017"]
[Site "Mamaia"]
[Date "2017.09.13"]
[Round "8"]
[White "Nahornyi, Ihor"]
[Black "Gherghinoiu, Lucas"]
[Result "1-0"]
[ECO "B42"]
[WhiteElo "1690"]
[BlackElo "1805"]
[Annotator "NA RC"]
[PlyCount "71"]
[EventDate "2017.??.??"]
[EventType "swiss"]
[EventCountry "ROU"]
[SourceTitle "playchess.com"]
[Source "ChessBase"]
[SourceQuality "1"]
[TimeControl "40/5400+30:1800+30"]

1. e4 c5 2. Nf3 e6 3. d4 cxd4 4. Nxd4 a6 5. Bd3 g6 6. c4 Bg7 7. Nb3 d6 8. Nc3 Nf6 9. O-O O-O 10. Be2 Qc7 11. Bf4 e5 12. Be3 Be6 13. Rc1 b6 14. Qd2 Rd8 15. Rfd1 Rd7 16. f3 Ra7 17. Bf1 Rb7 18. Qf2 Qd8 19. Nd5 Bxd5 20. cxd5 Re7 21. Rd2 Nfd7 22. Rdc2 Nc5 23. Nd2 a5 24. b3 Rec7 25. a3 Qc8 26. b4 Na4 27. Rxc7 Rxc7 28. Rxc7 Qxc7 29. Nc4 axb4 30. axb4 b5 31. Na5 Qd7 32. Qe2 Nc3 33. Qd3 Qc7 34. Nc6 Nxd5 35. exd5 Nxc6 36. Qc2 1-0

[Event "EYCC 2017"]
[Site "Mamaia"]
[Date "2017.09.13"]
[Round "8"]
[White "Kolesov, Gordey"]
[Black "Georgiev, Konstantin"]
[Result "0-1"]
[ECO "B33"]
[WhiteElo "1672"]
[BlackElo "1911"]
[Annotator "NA RC"]
[PlyCount "208"]
[EventDate "2017.??.??"]
[EventType "swiss"]
[EventCountry "ROU"]
[SourceTitle "playchess.com"]
[Source "ChessBase"]
[SourceQuality "1"]
[TimeControl "40/5400+30:1800+30"]

1. e4 c5 2. Nf3 Nc6 3. d4 cxd4 4. Nxd4 Nf6 5. Nc3 e6 6. Ndb5 Bb4 7. a3 Bxc3+ 8. Nxc3 d5 9. exd5 exd5 10. Bd3 O-O 11. O-O d4 12. Ne2 h6 13. Bf4 Re8 14. Re1 Nd5 15. Qd2 Be6 16. Rad1 Qf6 17. Bg3 Nb6 18. Qf4 Qxf4 19. Bxf4 Nc4 20. Bc1 N4e5 21. Bb5 Bc4 22. Bxc4 Nxc4 23. b3 N4e5 24. Kf1 Rad8 25. Nf4 Kh7 26. Nd3 f6 27. h3 g5 28. Re2 Kg6 29. Bb2 Kf7 30. Red2 Re7 31. Ba1 b6 32. Ne1 Red7 33. g3 h5 34. Kg2 g4 35. hxg4 hxg4 36. f4 gxf3+ 37. Nxf3 Nxf3 38. Kxf3 Ke6 39. Ke4 f5+ 40. Kf4 Rd5 41. Rh1 Kd6 42. Rh5 Rf8 43. c4 Re5 44. Rh6+ Kd7 45. b4 Re4+ 46. Kf3 Ne5+ 47. Kg2 Nxc4 48. Rxd4+ Rxd4 49. Bxd4 Nxa3 50. Rh7+ Kc6 51. Rxa7 Nb5 52. Bg7 Rd8 53. Rf7 Nd6 54. Rf8 Rd7 55. Be5 Nc4 56. Bf4 Rd5 57. Rb8 Kb5 58. Bc7 Rd7 59. Bd8 Rd3 60. Be7 Rd7 61. Re8 Ne5 62. Bf8 Rd2+ 63. Kf1 Rd5 64. Ke2 Nc6 65. Ke3 Nxb4 66. Re6 Nc6 67. Kf4 Rd1 68. Bg7 Rf1+ 69. Kg5 Rf3 70. g4 fxg4 71. Kxg4 Rf1 72. Bb2 Rf2 73. Bc3 Kc5 74. Kg3 Rc2 75. Bf6 b5 76. Kf4 b4 77. Re8 b3 78. Kg5 Rg2+ 79. Kh6 Rd2 80. Rc8 Rd6 81. Kg5 Rxf6 82. Re8 Rf2 83. Re1 Nd4 84. Rb1 Kc4 85. Kh4 b2 86. Kg3 Rc2 87. Kf4 Kb3 88. Ke3 Ka2 89. Rh1 b1=Q 90. Rxb1 Kxb1 91. Kxd4 Kb2 92. Kd5 Kb3 93. Ke5 Rd2 94. Ke6 Kc4 95. Ke5 Re2+ 96. Kd6 Re4 97. Kc7 Re6 98. Kd7 Kd5 99. Kc7 Rd6 100. Kb7 Rc6 101. Ka7 Kc5 102. Kb7 Kb5 103. Ka7 Rc7+ 104. Kb8 Kb6 0-1

[Event "EYCC 2017"]
[Site "Mamaia"]
[Date "2017.09.13"]
[Round "8"]
[White "Verma, Shlok"]
[Black "Dimitrov, Dimitar Hr"]
[Result "1-0"]
[ECO "A58"]
[WhiteElo "1658"]
[BlackElo "1170"]
[Annotator "NA RC"]
[PlyCount "93"]
[EventDate "2017.??.??"]
[EventType "swiss"]
[EventCountry "ROU"]
[SourceTitle "playchess.com"]
[Source "ChessBase"]
[SourceQuality "1"]
[TimeControl "40/5400+30:1800+30"]

1. d4 Nf6 2. c4 c5 3. d5 b5 4. cxb5 a6 5. bxa6 Bxa6 6. Nc3 g6 7. e4 Bxf1 8. Kxf1 d6 9. Nf3 Nbd7 10. g3 Bg7 11. Kg2 O-O 12. a4 Re8 13. Qe2 Qa5 14. Nb5 Reb8 15. Bd2 Qb6 16. Bg5 Kh8 17. Ra3 Qa6 18. Re1 Ng8 19. Rb1 Nb6 20. Qc2 Rb7 21. Nd2 Nxa4 22. Nxd6 exd6 23. b3 Rba7 24. Nc4 Qc8 25. Rxa4 Rxa4 26. bxa4 Qa6 27. Rb6 Qxa4 28. Qxa4 Rxa4 29. Nxd6 h6 30. Be3 Kh7 31. Bxc5 Bf8 32. Nb7 Bg7 33. d6 Nf6 34. Rb4 Rxb4 35. Bxb4 Nxe4 36. d7 Bf6 37. d8=Q Bxd8 38. Nxd8 f6 39. f3 Ng5 40. h4 Nxf3 41. Kxf3 g5 42. h5 f5 43. g4 fxg4+ 44. Kxg4 Kg7 45. Bc3+ Kg8 46. Ne6 Kh7 47. Nxg5+ 1-0

[Event "EYCC 2017"]
[Site "Mamaia"]
[Date "2017.09.13"]
[Round "8"]
[White "Tryggestad, Linnea Garberg"]
[Black "Reuter, Elisa"]
[Result "1/2-1/2"]
[ECO "A45"]
[WhiteElo "1597"]
[BlackElo "1910"]
[Annotator "NA RC"]
[PlyCount "127"]
[EventDate "2017.??.??"]
[EventType "swiss"]
[EventCountry "ROU"]
[SourceTitle "playchess.com"]
[Source "ChessBase"]
[SourceQuality "1"]
[TimeControl "40/5400+30:1800+30"]

1. d4 Nf6 2. Bg5 Ne4 3. Bf4 d5 4. e3 c5 5. c3 Nc6 {[%emt 0:00:05] A45: Trompowsky Attack} 6. Bd3 (6. Nd2 Nf6 7. Bd3 Bg4 8. Ngf3 e6 9. Qa4 Nd7 10. O-O Be7 11. Ne5 Ndxe5 12. Bxe5 O-O 13. Bg3 {½-½ (32) Bartel,M (2641)-Radjabov,T (2724) Dubai 2014}) 6... g5 7. Bg3 Nxg3 8. hxg3 e5 9. Bb5 $146 ({Find the theoretical novelty and annotate with similar games:} 9. dxe5 Qb6 10. Ne2 Qxb2 11. Nd2 Nxe5 12. Bc2 Qb6 13. Nf3 Nxf3+ 14. gxf3 {0-1 (23) Anastasian,A (2260)-Holmsten,A (2364) Ubeda 2000}) 9... e4 10. Nd2 Be6 11. Qc2 Qc7 12. Ne2 a6 13. Bxc6+ bxc6 14. b3 Bd6 15. c4 cxd4 16. exd4 Qb7 17. c5 Be7 18. Nc3 Bd8 19. Qb2 Qb4 20. Ncxe4 dxe4 21. d5 f6 22. dxe6 Qxc5 23. Nxe4 Qb4+ 24. Nd2 Ba5 25. O-O-O Qc3+ 26. Qxc3 Bxc3 27. Ne4 Be5 28. Rd7 h6 29. Rf7 Rf8 30. Rxf8+ Kxf8 31. Rxh6 Ke7 32. Nc5 Kd6 33. Nd7 Kxe6 34. Nxe5 Kxe5 35. f4+ Kf5 36. fxg5 Kxg5 37. Rh7 a5 38. Rc7 Ra6 39. Rg7+ Kf5 40. Kc2 Rb6 41. Rh7 Kg6 $16 42. Rh4 Rb5 43. Rc4 Rg5 44. Rc3 c5 45. Rf3 Rd5 46. Rd3 Rg5 47. Kd2 Rg4 48. Rc3 a4 49. Ke2 axb3 50. axb3 Rg5 51. Kf3 Rf5+ 52. Ke2 Rg5 53. Kf2 Kf7 54. Rc4 Rd5 55. b4 cxb4 56. Rxb4 Rd2+ 57. Kf3 Rd3+ 58. Kg4 Rd5 59. Kh4 Kg6 60. g4 Rg5 61. Rb8 Kg7 62. Rb4 Kg6 63. Rf4 Re5 64. Rf3 1/2-1/2